[Event "Team 45 45 League T44"]
[Site "Internet Chess Club"]
[Date "2010.02.04"]
[Round "1"]
[White "dondel"]
[Black "otib2006"]
[Result "0-1"]
[WhiteElo "1293"]
[BlackElo "1375"]
[Opening "Sicilian: Canal-Sokolsky attack, 3...Bd7"]
[ECO "B52"]
[Time "18:59:33"]
[TimeControl "2700+45"]

1. e4 c5 2. Nf3 d6 3. Bb5+ Bd7 4. Bd3 Nf6 5. O-O g6 6. c4 Bg7 7. h3 O-O 8. Nc3
Nc6 9. a3 Nh5 10. Bc2 Nf4 11. Ne2 Ne6 12. d3 Ncd4 13. Nexd4 Nxd4 14. Nxd4 Bxd4
15. Rb1 a6 16. Be3 Bxe3 17. fxe3 e5 18. d4 Qg5 19. Rf3 f5 20. dxe5 Bc6 21. Qxd6
Rae8 22. Rbf1 Qd8 23. Qxd8 Rxd8 24. R3f2 Bxe4 25. Bxe4 fxe4 26. Rf4 Rxf4 27.
Rxf4 Rd1+ 28. Kh2 Rd2 29. Rxe4 Kf7 30. e6+ Ke7 31. b4 cxb4 32. axb4 Rb2 33. c5
Rc2 34. Kg3 a5 35. bxa5 Rxc5 36. Rb4 Rc7 37. Rb6 Rc5 38. Rxb7+ Kxe6 39. a6 Ra5
40. a7 h5 41. h4 Ra4 42. e4 Ke5 43. Re7+ Kf6 44. Rb7 Ke5 45. Rg7 Ra6 46. Kf3
Ra3+ 47. Ke2 Kxe4 48. Re7+ Kf4 49. Rf7+ Kg4 50. g3 Ra2+ 51. Ke3 Ra3+ 52. Ke4
Ra4+ 53. Ke5 Kxg3 54. Rg7 Kxh4 55. Rxg6 Rxa7 56. Kf4 Ra4+ 57. Kf3 Ra3+ 58. Kg2
Ra2+ 59. Kh1 Kh3 60. Kg1 h4 61. Rg5 Ra1+ 62. Kf2 Ra2+ 63. Kg1 Ra1+ 64. Kf2 Kh2
65. Rg4 h3 66. Rg3 Ra2+ 67. Kf3 Ra3+ {White resigns} 0-1

[Event "Team 45 45 League T44"]
[Site "Internet Chess Club"]
[Date "2010.02.07"]
[Round "1"]
[White "dpmdpm"]
[Black "kingsrook"]
[Result "1/2-1/2"]
[WhiteElo "1431"]
[BlackElo "1337"]
[Opening "Caro-Kann: classical variation"]
[ECO "B18"]
[Time "10:00:16"]
[TimeControl "2700+45"]

1. e4 c6 2. d4 d5 3. Nc3 dxe4 4. Nxe4 Bf5 5. Ng3 Bg6 6. Nf3 Nd7 7. Bd3 Bxd3 8.
Qxd3 e6 9. O-O Ngf6 10. Bf4 Be7 11. Rfe1 O-O 12. c4 Rc8 13. Rad1 Re8 14. Ne4
Nxe4 15. Rxe4 Nf6 16. Re2 Bd6 17. Bxd6 Qxd6 18. Ne5 Rcd8 19. Qg3 Nh5 20. Qf3 Nf6
21. Re3 c5 22. Red3 cxd4 23. Re1 Re7 24. Qf4 Nh5 25. Qf3 Nf6 26. Qf4 Nh5 27. Qf3
Nf6 28. Qf4 Nh5 29. Qf3 {Game drawn by repetition} 1/2-1/2

[Event "Team 45 45 League T44"]
[Site "Internet Chess Club"]
[Date "2010.02.06"]
[Round "1"]
[White "crazyhorses"]
[Black "GadsHill"]
[Result "1-0"]
[WhiteElo "1469"]
[BlackElo "1505"]
[Opening "King's pawn opening"]
[ECO "B07"]
[Time "15:01:09"]
[TimeControl "2700+45"]

1. e4 d6 2. d3 Nf6 3. Nf3 e5 4. g3 Be7 5. Bg2 O-O 6. O-O Be6 7. Re1 Re8 8. Nbd2
c6 9. c3 Qc7 10. a4 Bf8 11. Qc2 Nbd7 12. Nc4 Nc5 13. b4 Ncxe4 14. Ncxe5 dxe5 15.
dxe4 h6 16. h3 Bc4 17. Be3 b6 18. Bf1 Bxf1 19. Kxf1 Rad8 20. Rad1 Rxd1 21. Rxd1
g6 22. Qd3 Kh7 23. Qc4 Bg7 24. b5 c5 25. Kg2 Qb7 26. Nd2 Rd8 27. f3 Ne8 28. Qb3
Rd3 29. Kf2 Qd7 30. Ke2 Qc7 31. Kxd3 {Black resigns} 1-0

[Event "Team 45 45 League T44"]
[Site "Internet Chess Club"]
[Date "2010.02.07"]
[Round "1"]
[White "wrimle"]
[Black "g8wrb"]
[Result "1-0"]
[WhiteElo "1524"]
[BlackElo "1485"]
[Opening "French: Pelikan variation"]
[ECO "C00"]
[Time "15:00:37"]
[TimeControl "2700+45"]

1. e4 e6 2. Nc3 d5 3. f4 Nf6 4. e5 Nfd7 5. Nf3 c5 6. Bb5 Nc6 7. O-O a6 8. Bxc6
bxc6 9. d3 Qb6 10. Kh1 a5 11. b3 Ba6 12. Na4 Qb7 13. c4 Qb8 14. Bd2 Bb7 15. Qe1
Qa7 16. Nc3 Be7 17. Qg3 O-O 18. f5 exf5 19. Bh6 g6 20. Bxf8 Rxf8 21. Rae1 Bc8
22. Ng5 Bxg5 23. Qxg5 Nb6 24. Ne2 a4 25. Nf4 axb3 26. axb3 Qa3 27. Rf3 Qb4 28.
Rg1 Qxb3 29. Rh3 f6 30. Qh6 Rf7 31. e6 Re7 32. Nxg6 Nd7 33. Nxe7+ {Black
resigns} 1-0

[Event "Team 45 45 League T44"]
[Site "Internet Chess Club"]
[Date "2010.02.06"]
[Round "1"]
[White "IanT"]
[Black "sdcohle"]
[Result "1/2-1/2"]
[WhiteElo "1422"]
[BlackElo "1401"]
[Opening "Alekhine's defense"]
[ECO "B03"]
[Time "22:30:11"]
[TimeControl "2700+45"]

1. e4 Nf6 2. e5 Nd5 3. d4 e6 4. Nf3 Be7 5. c4 Nb6 6. Nc3 d6 7. Bf4 O-O 8. Bd3
dxe5 9. Bxe5 Nc6 10. d5 Nxe5 11. Nxe5 Bf6 12. Nf3 Bxc3+ 13. bxc3 exd5 14. cxd5
Re8+ 15. Kf1 Nxd5 16. Qb3 Rb8 17. Bc4 c6 18. Rd1 Be6 19. Bxd5 cxd5 20. g3 Qf6
21. Kg2 Bg4 22. Qxd5 Qxc3 23. Rd3 Qf6 24. Rc1 Bxf3+ 25. Rxf3 Qe6 26. Qa5 a6 27.
Qa4 g6 28. Re3 Qd5+ 29. Rf3 Qe4 30. Qd7 Re7 31. Rc8+ Rxc8 32. Qxc8+ Kg7 33. Qc3+
Qe5 34. Qxe5+ Rxe5 35. Rb3 b5 36. Kf3 h5 37. Kf4 Rf5+ 38. Ke3 Rc5 39. Ra3 Rc6
40. h4 Kf6 41. Ke4 Ke6 42. f3 f6 43. g4 b4 44. Ra4 Rb6 45. gxh5 gxh5 46. Ra5 Rb5
47. Rxa6+ Kf7 48. f4 Kg6 49. Ra8 b3 50. axb3 Rxb3 51. Rg8+ Kh7 52. Rd8 Rh3 53.
Kf5 Rxh4 54. Kxf6 Rxf4+ 55. Kg5 {Game drawn by mutual agreement} 1/2-1/2

[Event "Team 45 45 League T44"]
[Site "Internet Chess Club"]
[Date "2010.02.08"]
[Round "1"]
[White "TroyO"]
[Black "Conjurer"]
[Result "1-0"]
[WhiteElo "1376"]
[BlackElo "1182"]
[Opening "Sicilian: Alapin's variation (2.c3)"]
[ECO "B22"]
[Time "22:00:09"]
[TimeControl "2700+45"]

1. e4 c5 2. c3 Nf6 3. e5 Nd5 4. d4 cxd4 5. cxd4 e6 6. Nc3 Bb4 7. Bd2 Qa5 8. Qc2
Nc6 9. Nf3 Qb6 10. Nxd5 exd5 11. Bd3 Nxd4 12. Nxd4 Qxd4 13. Bxb4 Qxb4+ 14. Qd2
Qxd2+ 15. Kxd2 O-O 16. Rac1 b6 17. Rc7 Re8 18. f4 g6 19. Bb5 Rd8 20. Rhc1 a6 21.
Ba4 b5 22. Bb3 d6 23. exd6 Be6 24. R1c6 Kg7 25. Kd3 Kf6 26. Kd4 Kf5 27. g3 a5
28. Bxd5 h5 29. Rb6 Bd7 30. Bxa8 {Black resigns} 1-0

[Event "Team 45 45 League T44"]
[Site "Internet Chess Club"]
[Date "2010.02.07"]
[Round "1"]
[White "mongmong"]
[Black "yemisco1"]
[Result "1-0"]
[WhiteElo "1645"]
[BlackElo "1386"]
[Opening "Queen's pawn game, Chigorin variation"]
[ECO "D02"]
[Time "14:01:38"]
[TimeControl "2700+45"]

1. d4 d5 2. Nf3 Nc6 3. e3 a6 4. c3 Bg4 5. Nbd2 Nf6 6. h3 Bxf3 7. Qxf3 e6 8. Bd3
Be7 9. O-O Qd6 10. e4 dxe4 11. Nxe4 Nxe4 12. Bxe4 g6 13. Bxc6+ bxc6 14. Bf4 Qd7
15. Qe2 Bf6 16. Be5 Bxe5 17. Qxe5 O-O-O 18. Qa5 Kb7 19. Rfe1 Qd5 20. Qa4 Qb5 21.
Qc2 c5 22. dxc5 Qxc5 23. Red1 Rxd1+ 24. Rxd1 Kc8 25. Qd3 Qc6 26. b3 Kb7 27. Qd4
Re8 28. f3 e5 29. Qd5 Qxd5 30. Rxd5 f6 31. Kf2 Kc6 32. c4 Re6 33. Ke3 Rd6 34.
Rxd6+ cxd6 35. a3 f5 36. g3 g5 37. g4 f4+ 38. Ke4 a5 39. b4 axb4 40. axb4 Kc7
41. Kd5 h6 42. c5 dxc5 43. bxc5 Kd7 44. Kxe5 Kc6 45. Kd4 Kb7 46. Kd5 Kc7 47. c6
Kd8 48. Kd6 Kc8 49. c7 Kb7 50. Kd7 Kb6 51. c8=Q Kb5 52. Ke6 Kb4 53. Kf6 Kb3 54.
Ke5 Kb4 55. Kd5 Kb3 56. Kd4 Kb4 57. Qb8+ Ka3 58. Kc4 Ka2 59. Kc3 Ka3 60. Qb6 Ka4
61. Qxh6 Kb5 62. Qxg5+ Kc6 63. h4 Kd7 64. h5 Ke6 65. h6 Kf7 66. h7 Ke6 67. h8=Q
Kd7 68. Qhd8+ Ke6 69. Qd7+ Kxd7 70. Qf5+ Kc6 71. Qxf4 Kd5 72. Qe4+ Kc5 73. f4
Kd6 74. f5 Kd7 75. g5 Kd6 76. f6 Kd7 77. Qe6+ Kc7 78. Qd6+ Kxd6 79. Kd4 Ke6 80.
Ke4 Kf7 81. Kf5 Kg8 82. g6 Kf8 83. Ke6 Kg8 84. f7+ Kf8 85. g7+ Kxg7 86. Ke7 Kg6
87. f8=R Kg7 88. Rf1 Kg6 89. Rf2 Kg5 90. Ke6 Kg4 91. Ke5 Kg3 92. Rf8 Kg4 93. Rf7
Kg3 94. Ke4 Kg4 95. Rg7+ Kh5 96. Kf4 Kh6 97. Rg1 Kh5 98. Rg2 Kh6 99. Kf5 Kh7
100. Kf6 Kh8 101. Kg6 Kg8 102. Rf2 Kh8 103. Rf8# {Black checkmated} 1-0

[Event "Team 45 45 League T44"]
[Site "Internet Chess Club"]
[Date "2010.02.04"]
[Round "1"]
[White "reverendjim"]
[Black "oldprez"]
[Result "0-1"]
[WhiteElo "1430"]
[BlackElo "1480"]
[Opening "King's Indian: 6.Be2"]
[ECO "E91"]
[Time "20:02:45"]
[TimeControl "2700+45"]

1. d4 Nf6 2. c4 g6 3. Nc3 Bg7 4. e4 d6 5. Nf3 O-O 6. Be2 Nbd7 7. O-O c5 8. d5 b6
9. Be3 Ng4 10. Bf4 Nge5 11. Qd2 Nxf3+ 12. Bxf3 Re8 13. Bh6 Bh8 14. g4 Ne5 15.
Qe2 Nxf3+ 16. Qxf3 e5 17. g5 Bg7 18. Qg3 Bxh6 19. gxh6 f5 20. f4 Qf6 21. h4 exf4
22. Rxf4 Qd4+ 23. Kh1 fxe4 24. h5 Bf5 25. Rxf5 Rf8 26. hxg6 Rxf5 27. gxh7+ Kh8
28. Qg7+ Qxg7 29. hxg7+ Kxg7 30. Nxe4 Rh5+ 31. Kg2 Rh6 32. Rh1 Rxh1 33. Kxh1 Rh8
34. Nxd6 Rxh7+ 35. Kg2 Kg6 36. Nc8 Kf6 37. Nd6 Ke5 38. Nb5 a6 39. Nc3 Rh4 40. b3
Rd4 41. Kf1 Rd2 42. Ke1 Rc2 43. Na4 Rxa2 44. Nxb6 Rb2 45. Nd7+ Kd6 46. Nb8 Rxb3
47. Nxa6 Rc3 48. Nb8 Rxc4 {White resigns} 0-1

[Event "Team 45 45 League T44"]
[Site "Internet Chess Club"]
[Date "2010.02.06"]
[Round "1"]
[White "MCJR"]
[Black "nozmov"]
[Result "1/2-1/2"]
[WhiteElo "1384"]
[BlackElo "1394"]
[Opening "King's Indian: London system"]
[ECO "A48"]
[Time "12:00:31"]
[TimeControl "2700+45"]

1. d4 Nf6 2. Nf3 g6 3. Bf4 Bg7 4. e3 d6 5. h3 O-O 6. Nbd2 c5 7. c3 b6 8. Be2 Bb7
9. O-O Qc7 10. Qc2 Nbd7 11. dxc5 bxc5 12. Rfd1 e5 13. Bh2 d5 14. Rac1 a5 15. c4
d4 16. exd4 cxd4 17. Nxd4 Rac8 18. Nb5 Qc6 19. Bf3 e4 20. Na7 Qc5 21. Nxc8 exf3
22. Nxf3 Bxf3 23. gxf3 Rxc8 24. Qe2 Qg5+ 25. Bg3 Re8 26. Qd2 Qc5 27. Re1 Re6 28.
Rxe6 fxe6 29. b3 Ne5 30. Bxe5 Qxe5 31. Re1 Qf5 32. Kg2 Nh5 33. Qd8+ Bf8 34. Qh4
Kf7 35. Qg4 Nf4+ 36. Kg3 {Game drawn by mutual agreement} 1/2-1/2

[Event "Team 45 45 League T44"]
[Site "Internet Chess Club"]
[Date "2010.02.05"]
[Round "1"]
[White "Aquaman"]
[Black "GiulioCre"]
[Result "1/2-1/2"]
[WhiteElo "1297"]
[BlackElo "1349"]
[Opening "Réti opening"]
[ECO "A04"]
[Time "16:00:17"]
[TimeControl "2700+45"]

1. Nf3 d6 2. g3 Nf6 3. Bg2 Nbd7 4. d3 e5 5. e4 Be7 6. O-O O-O 7. Nbd2 c6 8. b3
d5 9. a4 dxe4 10. dxe4 Qc7 11. Re1 Bb4 12. Re2 Bc3 13. Rb1 Nc5 14. Ne1 Bg4 15.
f3 Bd4+ 16. Kh1 Bh5 17. Bb2 Ne6 18. c3 Bb6 19. Nc4 Rad8 20. Qc2 Ng5 21. Nxb6
axb6 22. Rd1 Rxd1 23. Qxd1 Rd8 24. Rd2 Rxd2 25. Qxd2 h6 26. h4 Ne6 27. c4 Nc5
28. Qc3 Nfd7 29. f4 f6 30. f5 g6 31. Qe3 g5 32. hxg5 hxg5 33. Bf3 Bxf3+ 34. Qxf3
b5 35. axb5 cxb5 36. cxb5 Qa5 37. Qe2 Nxb3 38. Qc4+ Kg7 39. Bc3 Qa3 40. Qe6 Nbc5
41. Qc4 Nxe4 42. Bb4 Qxg3 43. Qxe4 Qh3+ 44. Kg1 Qh4 45. Qxb7 Qd4+ 46. Kf1 Qxb4
47. Qxd7+ Kh6 48. Qe6 Qf4+ 49. Ke2 Qe4+ 50. Kd2 Qd4+ 51. Ke2 Qe4+ 52. Kf2 Qd4+
53. Kf1 Qf4+ 54. Kg1 Qe3+ 55. Kf1 Qf4+ 56. Ke2 Qe4+ 57. Kd2 Qb4+ 58. Kd1 Qd4+
{Game drawn by mutual agreement} 1/2-1/2

[Event "Team 45 45 League T44"]
[Site "Internet Chess Club"]
[Date "2010.02.04"]
[Round "1"]
[White "jjaillet2007"]
[Black "mmf00"]
[Result "0-1"]
[WhiteElo "1277"]
[BlackElo "1618"]
[Opening "QGD: 4.Bg5"]
[ECO "D50"]
[Time "21:00:27"]
[TimeControl "2700+45"]

1. d4 Nf6 2. c4 e6 3. Nc3 d5 4. Bg5 Bb4 5. cxd5 exd5 6. e3 h6 7. Bh4 c6 8. a3
Bxc3+ 9. bxc3 Nbd7 10. Nf3 O-O 11. Bd3 Re8 12. O-O Qc7 13. Bg3 Qd8 14. Re1 Ne4
15. Bf4 Nxc3 16. Qc2 Ne4 17. Ne5 Nxe5 18. Bxe5 Nf6 19. e4 Be6 20. Bxf6 Qxf6 21.
e5 Qh4 22. Re3 Qxd4 23. Rae1 f6 24. exf6 Qxf6 25. Rf3 Qd4 26. Bh7+ Kh8 27. g3
Bd7 28. Rxe8+ Rxe8 29. Bg6 Bh3 30. Re3 Rxe3 31. fxe3 Qxe3+ 32. Kh1 Qe1# {White
checkmated} 0-1

[Event "Team 45 45 League T44"]
[Site "Internet Chess Club"]
[Date "2010.02.05"]
[Round "1"]
[White "iwin2"]
[Black "Cicero"]
[Result "1/2-1/2"]
[WhiteElo "1026"]
[BlackElo "1155"]
[Opening "Scandinavian: Pytel-Wade variation"]
[ECO "B01"]
[Time "19:01:21"]
[TimeControl "2700+45"]

1. e4 d5 2. exd5 Qxd5 3. Nc3 Qd6 4. Nf3 Nf6 5. Bd3 a6 6. O-O e6 7. Ne4 Nxe4 8.
Bxe4 Be7 9. d3 h6 10. g3 Nc6 11. Bf4 Qb4 12. c3 Qxb2 13. Bxc6+ bxc6 14. Be5 O-O
15. c4 Qb8 16. Rb1 Bb7 17. Nd4 Qe8 18. Bxc7 c5 19. Rxb7 cxd4 20. Be5 Qc6 21.
Rxe7 Qc5 22. Rc7 Qxe5 23. Rb7 Qc5 24. Re1 e5 25. Qh5 Qc6 26. Re7 Qg6 27. R1xe5
Qxd3 28. Rc5 Qb1+ 29. Kg2 Qxa2 30. Rcc7 Ra7 31. Rxa7 Qxc4 32. Rec7 Qe6 33. Qa5
Qe4+ 34. Kf1 Qh1+ 35. Ke2 d3+ 36. Kxd3 Rd8+ 37. Rd7 Qd1+ 38. Qd2 Qf3+ 39. Qe3
Qd1+ 40. Qd2 Qf3+ 41. Kc2 Qc6+ 42. Kd1 Qh1+ 43. Qe1 Qf3+ 44. Qe2 Qb3+ 45. Ke1
Qb1+ 46. Qd1 Qe4+ 47. Kf1 Qh1+ 48. Ke2 Qe4+ 49. Kd2 Qb4+ 50. Ke2 Qe4+ 51. Kf1
Qh1+ 52. Ke2 Qe4+ 53. Kf1 {Game drawn by repetition} 1/2-1/2

[Event "Team 45 45 League T44"]
[Site "Internet Chess Club"]
[Date "2010.02.05"]
[Round "1"]
[White "Mclintock45"]
[Black "ordinaryboy"]
[Result "0-1"]
[WhiteElo "972"]
[BlackElo "984"]
[Opening "Sicilian: accelerated fianchetto, exchange variation"]
[ECO "B34"]
[Time "19:00:15"]
[TimeControl "2700+45"]

1. e4 c5 2. Nf3 g6 3. d4 cxd4 4. Nxd4 Nc6 5. Nxc6 bxc6 6. Bc4 e6 7. Nc3 Bg7 8.
O-O Ne7 9. Qf3 O-O 10. Ne2 d5 11. Bd3 Qd7 12. Be3 f5 13. Bd4 fxe4 14. Qh3 Bxd4
15. Nxd4 e5 16. Qxd7 Bxd7 17. Ba6 exd4 18. Rae1 Rab8 19. Rd1 Nf5 20. b3 c5 21.
c3 Bc6 22. c4 dxc4 23. Bxc4+ Kh8 24. g4 Nd6 25. Be6 h5 26. f3 hxg4 27. Bxg4 exf3
28. Rf2 Rbe8 29. Kf1 Re2 30. Kg1 Rf4 31. h3 Nf7 32. Rc1 Ng5 33. Rxc5 Re1+ 34.
Kh2 Re2 35. Kg3 Ne4+ 36. Kxf4 Nxc5 37. Rf1 Nd3+ 38. Kg5 Rf2 39. Rd1 Be4 40. a4
Rg2 41. b4 Nf2 42. Rxd4 Bb7 43. Rd8+ Kg7 44. Rd7+ Kf8 45. Rxb7 Nxh3+ 46. Kh6
Rxg4 47. Rb8+ Kf7 48. Rb7+ Kf6 49. Rxa7 f2 50. Ra6+ Kf5 51. Kg7 f1=Q 52. Rf6+
Kg5 53. Rxf1 Rxb4 54. Rg1+ Nxg1 55. a5 Ra4 56. Kg8 Rxa5 57. Kg7 Ra7+ 58. Kf8 Kf6
59. Kg8 g5 60. Kh8 Kg6 61. Kg8 Ra8# {White checkmated} 0-1

[Event "Team 45 45 League T44"]
[Site "Internet Chess Club"]
[Date "2010.02.07"]
[Round "1"]
[White "SeniorCitizen"]
[Black "ilknight"]
[Result "1/2-1/2"]
[WhiteElo "1268"]
[BlackElo "1392"]
[Opening "Sicilian: Najdorf, Opocensky variation"]
[ECO "B92"]
[Time "14:01:11"]
[TimeControl "2700+45"]

1. e4 c5 2. Nf3 d6 3. d4 cxd4 4. Nxd4 Nf6 5. Nc3 a6 6. Be2 g6 7. Bd2 Bg7 8. Nb3
O-O 9. Qc1 Nc6 10. Bh6 Be6 11. Bxg7 Kxg7 12. O-O Bxb3 13. axb3 e6 14. Bd3 d5 15.
exd5 Nxd5 16. Qd2 Nxc3 17. bxc3 Qc7 18. Qe3 Qe5 19. Qxe5+ Nxe5 20. Rfe1 Nxd3 21.
cxd3 Rac8 22. c4 Rfd8 23. Red1 Rc6 24. Kf1 b5 25. Ke2 f5 26. Ra2 e5 27. Rdd2
bxc4 28. dxc4 Rxd2+ 29. Kxd2 Kf6 30. Ke3 Rb6 31. Ra3 a5 32. Kd3 Rd6+ {Game drawn
by mutual agreement} 1/2-1/2

[Event "Team 45 45 League T44"]
[Site "Internet Chess Club"]
[Date "2010.02.09"]
[Round "1"]
[White "JimGaming"]
[Black "KingOfHearts"]
[Result "1-0"]
[WhiteElo "1298"]
[BlackElo "1267"]
[Opening "Scotch gambit"]
[ECO "C44"]
[Time "18:11:42"]
[TimeControl "2700+45"]

1. e4 e5 2. Nf3 Nc6 3. d4 exd4 4. Bc4 h6 5. O-O Bc5 6. c3 Na5 7. Bxf7+ Kxf7 8.
Ne5+ Ke6 9. Ng6 Rh7 10. b4 Qf6 11. Qg4+ Kf7 12. bxc5 Qxg6 13. Qxg6+ Kxg6 14.
cxd4 Nc6 15. Be3 h5 16. Na3 Nf6 17. f3 Nb4 18. h4 b6 19. d5 Rh8 20. Nb5 Na6 21.
cxb6 axb6 22. a4 c6 23. Nd6 c5 24. f4 Ng4 25. f5+ Kh7 26. Bg5 Rf8 27. Be7 Rg8
28. f6 gxf6 29. Bxf6 Nxf6 30. Rxf6 Nc7 31. Nf5 Ne8 32. Rh6# {Black checkmated}
1-0

[Event "Team 45 45 League T44"]
[Site "Internet Chess Club"]
[Date "2010.02.07"]
[Round "1"]
[White "chips"]
[Black "stillday"]
[Result "0-1"]
[WhiteElo "1199"]
[BlackElo "1223"]
[Opening "Sicilian: closed, 2...Nc6"]
[ECO "B23"]
[Time "06:09:22"]
[TimeControl "2700+45"]

1. e4 c5 2. Nc3 Nc6 3. Nf3 e6 4. Bb5 Nd4 5. O-O Ne7 6. Nxd4 cxd4 7. Ne2 a6 8.
Bc4 d5 9. exd5 Nxd5 10. Bxd5 Qxd5 11. d3 Be7 12. b3 Bd7 13. c4 dxc3 14. Nxc3 Qf5
15. Ne4 O-O 16. Ng3 Qd5 17. a4 Bc6 18. f3 Qd4+ 19. Be3 Qxe3+ 20. Kh1 Rad8 21.
Qb1 Rd7 22. Rd1 Bxf3 23. Nf1 Qf2 24. Rd2 Bxg2# {White checkmated} 0-1

[Event "Team 45 45 League T44"]
[Site "Internet Chess Club"]
[Date "2010.02.07"]
[Round "1"]
[White "bajerk"]
[Black "The-Capitalist"]
[Result "0-1"]
[WhiteElo "1323"]
[BlackElo "1380"]
[Opening "Caro-Kann: Hillbilly attack"]
[ECO "B10"]
[Time "14:31:01"]
[TimeControl "2700+45"]

1. e4 c6 2. Bc4 d5 3. exd5 cxd5 4. Bb5+ Bd7 5. Bxd7+ Qxd7 6. d4 Nc6 7. a3 e5 8.
dxe5 Nxe5 9. Nf3 Nxf3+ 10. Qxf3 Qe6+ 11. Qe3 Qxe3+ 12. Bxe3 b6 13. O-O Nf6 14.
Re1 Be7 15. Nc3 O-O 16. Bg5 Rfe8 17. Bxf6 Bxf6 18. Nxd5 Rxe1+ 19. Rxe1 Bxb2 20.
a4 Ba3 21. h3 f6 22. g4 Kf7 23. Kg2 Rc8 24. Re2 Bd6 25. Kf3 Rc4 26. Rd2 Rxa4 27.
Ke3 Bc5+ 28. Ke2 Rd4 29. Rxd4 Bxd4 30. c3 Bc5 31. f4 a5 32. f5 a4 33. c4 a3 34.
Nc3 Ke7 35. Kd3 Kd6 36. Kc2 Ke5 37. Kb3 h5 38. Nb5 h4 39. Nxa3 Kf4 40. Nb1 Kg3
41. Nd2 Kxh3 42. Ne4 Bd4 43. Ka4 Kxg4 44. Nd6 h3 45. Kb5 h2 46. Nc8 h1=Q 47.
Nxb6 Qb1+ 48. Kc6 Bxb6 {White resigns} 0-1

[Event "Team 45 45 League T44"]
[Site "Internet Chess Club"]
[Date "2010.02.06"]
[Round "1"]
[White "MateIn42"]
[Black "damnwrite"]
[Result "1-0"]
[WhiteElo "1371"]
[BlackElo "1151"]
[Opening "Giuoco Pianissimo"]
[ECO "C55"]
[Time "14:26:06"]
[TimeControl "2700+45"]

1. e4 e5 2. Nf3 Nc6 3. Bc4 Nf6 4. d3 Bc5 5. O-O O-O 6. c3 d5 7. Bb5 dxe4 8. dxe4
Nxe4 9. Qe2 Bf5 10. Bxc6 bxc6 11. Nbd2 Qd5 12. Nh4 Nd6 13. Nxf5 Nxf5 14. Ne4 Bb6
15. Rd1 Qb5 16. Qf3 Nd6 17. Nxd6 cxd6 18. Rxd6 Rad8 19. Rxd8 Rxd8 20. b3 Rd3 21.
Qe2 Bxf2+ 22. Kxf2 Qc5+ 23. Be3 Qxc3 24. Rc1 Rxe3 25. Qxe3 Qb2+ 26. Ke1 Qxa2 27.
Qxe5 f6 28. Qe8# {Black checkmated} 1-0

[Event "Team 45 45 League T44"]
[Site "Internet Chess Club"]
[Date "2010.02.06"]
[Round "1"]
[White "NewfieKnight"]
[Black "bowwrestler"]
[Result "1-0"]
[WhiteElo "1063"]
[BlackElo "1028"]
[Opening "Queen's pawn game, Chigorin variation"]
[ECO "D02"]
[Time "16:00:18"]
[TimeControl "2700+45"]

1. d4 d5 2. Nf3 Nc6 3. a3 Nf6 4. c4 Bf5 5. Nc3 g6 6. e3 Bg7 7. cxd5 Nxd5 8. Bb5
Bd7 9. Nxd5 e6 10. Nb4 Ne7 11. Bxd7+ Qxd7 12. e4 a6 13. Bf4 Rc8 14. O-O O-O 15.
Qd2 a5 16. Nc2 b6 17. Bh6 Rfe8 18. Bxg7 Kxg7 19. a4 Qc6 20. Rfe1 Qb7 21. b4 axb4
22. Nxb4 Rcd8 23. Qc3 Rd7 24. d5+ Kg8 25. dxe6 fxe6 26. Ng5 c5 27. Nd3 Rc7 28.
Nxe6 Nc8 29. Nxc7 Qxc7 30. a5 Ne7 31. axb6 Qxb6 32. Rab1 Qe6 33. Nxc5 Qd6 34. e5
Qd8 35. Rbd1 Qb6 36. Nd7 Qe6 37. Rd6 Qf7 38. Nf6+ Kf8 39. Nxe8 Qxe8 40. Rf6+ Kg8
41. Qc4+ Kg7 42. Qe6 h6 43. Rc1 Kh7 44. Rf7+ Kg8 45. Rxe7+ Kf8 46. Rxe8+ Kg7 47.
Rc7# {Black checkmated} 1-0

[Event "Team 45 45 League T44"]
[Site "Internet Chess Club"]
[Date "2010.02.08"]
[Round "1"]
[White "KidRattler"]
[Black "theartist"]
[Result "0-1"]
[WhiteElo "963"]
[BlackElo "1167"]
[Opening "French: advance, Paulsen attack"]
[ECO "C02"]
[Time "12:29:26"]
[TimeControl "2700+45"]

1. e4 e6 2. d4 d5 3. e5 c5 4. Nf3 Nc6 5. c3 Qb6 6. b3 cxd4 7. Nxd4 Nxe5 8. Be3
Qd8 9. Be2 Nf6 10. O-O Be7 11. Nd2 O-O 12. Re1 Nc6 13. Nxc6 bxc6 14. a4 c5 15.
g3 a5 16. Bd3 Ba6 17. Bb1 Rb8 18. Qc2 Qb6 19. g4 g6 20. Ra3 Nxg4 21. Nf3 Nxe3
22. Rxe3 c4 23. Ba2 Bxa3 24. Ne5 cxb3 25. Bxb3 Qxb3 26. Qxb3 Rxb3 27. Nd7 Rc8
28. Nf6+ Kg7 29. Nh5+ gxh5 30. Rg3+ Kh6 31. h4 Rbxc3 32. Rg2 Rh3 33. Rh2 Rxh2
34. Kxh2 d4 35. Kg1 d3 36. Kf1 d2+ 37. Kg2 d1=Q 38. f4 Qb3 39. f5 Rc2+ {White
resigns} 0-1

[Event "Team 45 45 League T44"]
[Site "Internet Chess Club"]
[Date "2010.02.05"]
[Round "1"]
[White "noblitz-oblige"]
[Black "fishhead"]
[Result "1-0"]
[WhiteElo "1716"]
[BlackElo "1911"]
[Opening "Sicilian: Najdorf, Lipnitzky attack"]
[ECO "B90"]
[Time "20:39:28"]
[TimeControl "2700+45"]

1. e4 c5 2. Nf3 d6 3. d4 cxd4 4. Nxd4 Nf6 5. Nc3 a6 6. Bc4 b5 7. Bb3 Nbd7 8. Bd2
Qc7 9. Nd5 Nxd5 10. Bxd5 Rb8 11. O-O e6 12. Bb3 Nc5 13. Re1 Be7 14. a3 Nxb3 15.
cxb3 Bb7 16. Qh5 O-O 17. Rac1 Qd7 18. Rc3 Bf6 19. Rh3 h6 20. Bxh6 gxh6 21. Qxh6
Bg7 22. Qh7# {Black checkmated} 1-0

[Event "Team 45 45 League T44"]
[Site "Internet Chess Club"]
[Date "2010.02.06"]
[Round "1"]
[White "isolani"]
[Black "RD1974"]
[Result "1-0"]
[WhiteElo "1681"]
[BlackElo "1711"]
[Opening "Réti opening"]
[ECO "A04"]
[Time "11:04:48"]
[TimeControl "2700+45"]

1. Nf3 Nc6 2. c4 e5 3. d3 d6 4. g3 h6 5. Bg2 Be6 6. O-O Qd7 7. Nc3 Bh3 8. d4
Bxg2 9. Kxg2 O-O-O 10. d5 Nce7 11. b4 g5 12. a4 Bg7 13. Be3 Nf5 14. Bd2 g4 15.
Ng1 Nf6 16. e4 Nd4 17. Nb5 Kb8 18. Nxd4 exd4 19. Ra3 Nxe4 20. b5 f5 21. a5 h5
22. b6 cxb6 23. axb6 a6 24. Ne2 Be5 25. Bf4 h4 26. Nxd4 Bxf4 27. gxf4 g3 28.
hxg3 h3+ 29. Kh2 Qf7 30. Nc6+ bxc6 31. dxc6 Qxc4 32. c7+ Kb7 33. cxd8=Q Rxd8 34.
Qd3 Qxd3 35. Rxd3 Kxb6 36. Kxh3 a5 37. Rd5 Rf8 38. f3 Nc3 39. Rxd6+ Kc5 40. Rd7
a4 41. Rc1 Kb4 42. Rb7+ Kc4 43. Rc7+ Kb3 44. R7xc3+ Kb2 45. R1c2+ Kb1 46. Rd2
Rh8+ 47. Kg2 Ra8 48. Re3 Kc1 49. Rf2 Rd8 50. Re1+ Rd1 51. Rxd1+ Kxd1 52. Ra2 Ke1
53. g4 {Black resigns} 1-0

[Event "Team 45 45 League T44"]
[Site "Internet Chess Club"]
[Date "2010.02.06"]
[Round "1"]
[White "Dr-Checkmate"]
[Black "joshtournman"]
[Result "1/2-1/2"]
[WhiteElo "1510"]
[BlackElo "1467"]
[Opening "Philidor's defense"]
[ECO "C41"]
[Time "19:55:39"]
[TimeControl "2700+45"]

1. e4 e5 2. Nf3 d6 3. d4 Bg4 4. dxe5 Bxf3 5. Qxf3 dxe5 6. Bc4 Qf6 7. Qb3 b6 8.
Nc3 Bc5 9. Be3 Bxe3 10. fxe3 Ne7 11. O-O-O O-O 12. Rhf1 Qg6 13. Nd5 Nxd5 14.
exd5 Nd7 15. Bd3 Nc5 16. Bxg6 Nxb3+ 17. axb3 hxg6 18. c4 f5 19. Rd2 Rad8 20.
Rfd1 Rf6 21. Kc2 Rfd6 22. Kc3 Kf7 23. e4 f4 24. Rf2 g5 25. g3 c6 26. h4 gxh4 27.
gxf4 Rf6 28. f5 cxd5 29. Rxd5 Rxd5 30. cxd5 Rh6 31. Rh2 g5 32. fxg6+ Kxg6 33.
Kb4 a6 34. d6 Kf7 35. Kc4 Rxd6 36. Rxh4 Rd4+ 37. Kc3 b5 38. Rh7+ Kg6 39. Ra7 b4+
40. Kc2 Rxe4 41. Rxa6+ Kf5 42. Rb6 Rd4 43. Rb5 Kf4 44. Rc5 e4 45. Rc4 Rxc4+ 46.
bxc4 e3 47. Kd1 Ke4 48. b3 Kd4 49. Ke2 Ke4 50. Kd1 Kf3 51. Ke1 Ke4 52. Ke2 Kd4
53. Kd1 Ke4 54. Ke1 Kd4 55. Ke2 Ke4 56. c5 Kd5 57. c6 Kxc6 58. Kxe3 Kd5 59. Kd3
Kd6 60. Kc4 Kc6 61. Kxb4 Kb6 62. Kc4 Kc6 63. Kb4 Kb6 64. Kc4 Kc6 65. b4 Kb6 66.
b5 Kb7 67. Kc5 Kc7 68. b6+ Kb7 69. Kb5 Kb8 70. Ka6 Ka8 71. Kb5 Kb7 72. Kc5 Kb8
73. Kd6 Kb7 74. Kc5 Kb8 {Game drawn by mutual agreement} 1/2-1/2